 Dungeon Crawl Stone Soup version 0.25-a0-435-g4b9beb1 (webtiles) character file.

Game seed: 17262484364365729218, levelgen mode: deterministic

11 AngryBottledMilk the Stinger (level 2, -1/19 HPs)
             Began as a Formicid Venom Mage on Jan 27, 2020.
             Slain by a jackal (2 damage)
             ... on level 1 of the Dungeon.
             The game lasted 00:01:25 (387 turns).

AngryBottledMilk the Stinger (Formicid Venom Mage)   Turns: 387, Time: 00:01:26

Health: -1/19      AC:  2    Str: 12    XL:     2   Next: 40%
Magic:  4/5        EV: 12    Int: 14    God:
Gold:   29         SH:  0    Dex: 11    Spells: 5/6 levels left

rFire    . . .     SeeInvis +   d - +0 dagger
rCold    . . .     Gourm    .   (no shield)
rNeg     . . .     Faith    .   a - +0 robe
rPois    .         Spirit   .   (helmet unavailable)
rElec    .         Reflect  .   (no cloak)
rCorr    .         Harm     .   (no gloves)
MR       .....                  (no boots)
Stlth    ++........             (no amulet)
HPRegen  0.06/turn              (no ring)
MPRegen  0.09/turn              (no ring)

@: no status effects
A: permanent stasis, dig shafts and tunnels, four strong arms, antennae 3
a: Dig, Shaft Self


You were on level 1 of the Dungeon.
You were not hungry.

You visited 1 branch of the dungeon, and saw 1 of its levels.

You collected 29 gold pieces.

Inventory:

Hand Weapons
 d - a +0 dagger (weapon)
Armour
 a - a +0 robe (worn)
Comestibles
 c - a ration


   Skills:
 + Level 1.8 Dodging
 + Level 2.4 Stealth
 + Level 2.6 Spellcasting
 + Level 1.1 Transmutations
 + Level 4.4 Poison Magic


You had 5 spell levels left.
You knew the following spells:

 Your Spells              Type           Power        Failure   Level  Hunger
a - Sting                 Tmut/Pois      #...         7%          1    #......

Your spell library contained the following spells:

 Spells                   Type           Power        Failure   Level  Hunger
 Poisonous Vapours        Pois/Air       #.....       14%         2    ###....
 Ignite Poison            Fire/Tmut/Pois #.......     30%         3    ###....
 Olgreb's Toxic Radiance  Pois           ##......     34%         4    #####..
 Mephitic Cloud           Conj/Pois/Air  #.......     36%         3    ###....


Dungeon Overview and Level Annotations

Branches:
Dungeon (1/15)

Altars:


Innate Abilities, Weirdness & Mutations

You cannot be hasted, slowed, berserked, paralysed or teleported.
You can dig through walls and to a lower floor.
Your four strong arms can wield two-handed weapons with a shield.
You have a pair of large antennae on your head. (SInv)


Message History

Confirm with . or Enter, or press ? or * to list all spells.
Aiming: Sting (safe; 7% risk of failure)
Press: ? - help, Shift-Dir - straight line, f - jackal
Aim: a jackal The sting hits the jackal.
The jackal is poisoned.
The jackal is almost dead.
You kill the jackal!
You aren't carrying any potions.
You aren't carrying any scrolls.
You closely miss the jackal. The jackal barely misses you.
You hit the jackal but do no damage. The jackal barely misses you.
The jackal bites you.
* * * LOW HITPOINT WARNING * * *
You hit the jackal.
The jackal is heavily wounded.
The jackal barely misses you.
You hit the jackal.
The jackal is almost dead.
The jackal bites you.
You die...

.....## ##......# #............
≈≈≈≈..####..≈≈≈≈..# #............
≈≈≈≈≈.(....≈≈≈≈≈≈.# #............
≈<>≈≈.....§§§≈≈≈≈.# #............
.≈≈≈≈......≈≈≈≈≈≈.# #............
≈≈≈≈....#..§§≈≈≈..# #............
.)....#.##.......## #............
#######......########............
#####.....@hhl..[..........
#############......#### #......#
#......# #......# #......#
#......# #......# #......#


You could see 2 jackals and a frilled lizard.

Vanquished Creatures
  3 goblins (D:1)
  A hobgoblin (D:1)
  2 jackals (D:1)
  A bat (D:1)
  A frilled lizard (D:1)
  2 kobolds (D:1)
10 creatures vanquished.

Notes
Turn   | Place    | Note
-------+----------+-------------------------------------------
     0 | D:1      | AngryBottledMilk the Formicid Venom Mage began the quest
                  | for the Orb.
     0 | D:1      | Reached XP level 1. HP: 13/13 MP: 3/3
   276 | D:1      | Reached XP level 2. HP: 17/19 MP: 3/5
   387 | D:1      | Slain by a jackal

Levels and vault maps discovered:
D:1:      dpeg_arrival_pits, layout_basic

Action                   || total
-------------------------++-------
Melee: Unarmed           ||     7
       Dagger            ||    11
 Cast: Sting             ||    11
Armor: Robe              ||    16
Dodge: Dodged            ||    25

Table legend:
 A = Non-vault XP
 B = Vault XP
 C = Vault XP percentage of total XP
 D = Non-vault monster count
 E = Vault monster count
 F = Vault count percentage of total count
                 A         B        C        D         E       F
            +---------+---------+-------+---------+---------+-------
      Total |      17 |       0 |   0.0 |      10 |       0 |   0.0
            +---------+---------+-------+---------+---------+-------
        D:1 |      17 |       0 |   0.0 |      10 |       0 |   0.0
            +---------+---------+-------+---------+---------+-------
